AoeStats
← SuperZèbre

Arabia

510292173Analyzed
1v1 RM · 1d ago on Sep 30, 2026· 134m 30s· 2 players
Game mode
Random Map
Map size
Tiny (2 player)
Population
200
Speed
Normal
Resources
Standard
Victory
Conquest
Starting age
Dark Age
Ending age
Imperial Age
RankedLock teamsTeams togetherTeam positionsShared explorationLock speedFull tech treeHidden civsTurbo modeCheats
Victory
Defeat
🇧🇪 Franks · Belgium
627
+19
🇨🇳 Mongols · China
693
-19
SuperZèbre
0:28 Loom
13:57 Feudal Age
21:39 Man-at-Arms
23:43 Double-Bit Axe
26:38 Stone Mining
26:39 Gold Mining
28:54 Castle Age
28:42 Scale Mail Armor
28:53 Forging
35:00 Bow Saw
36:15 Elite Skirmisher
37:10 Scale Barding Armor
37:40 Husbandry
39:10 Chain Barding Armor
39:02 Town Watch
39:49 Town Patrol
40:42 Iron Casting
43:53 Imperial Age
43:57 Wheelbarrow
44:01 Padded Archer Armor
43:52 Fletching
45:02 Ballistics
44:55 Fortified Wall
44:43 Murder Holes
44:28 Treadmill Crane
45:20 Conscription
46:21 Cavalier
47:38 Hand Cart
48:32 Blast Furnace
47:55 Chain Barding Armor
47:40 Paladin
105:50 Squires
x2835445976
5:54 Loom
8:43 Feudal Age
9:12 Double-Bit Axe
14:03 Horse Collar
17:35 Gold Mining
17:36 Stone Mining
22:48 Castle Age
21:22 Fletching
21:32 Padded Archer Armor
21:48 Bloodlines
21:26 Town Watch
22:35 Wheelbarrow
24:36 Bow Saw
24:29 Heavy Plow
25:07 Gold Shaft Mining
25:10 Stone Shaft Mining
27:50 Nomads
31:26 Herbal Medicine
46:50 Hand Cart
46:59 Town Patrol
49:54 Imperial Age
47:34 Bodkin Arrow
50:07 Thumb Ring
50:20 Leather Archer Armor
50:10 Scale Barding Armor
50:16 Forging
50:10 Husbandry
49:31 Light Cavalry
50:35 Ballistics
50:11 Murder Holes
50:02 Elite Mangudai
51:02 Conscription
51:03 Drill
51:19 Hoardings
50:15 Sappers
51:13 Parthian Tactics
50:11 Onager
52:02 Chemistry
51:28 Siege Onager
54:32 Capped Ram
56:28 Hussar
57:18 Siege Engineers
57:24 Fortified Wall
57:25 Masonry
57:06 Guard Tower
56:39 Siege Ram
57:24 Bracer
57:45 Chain Barding Armor
58:00 Iron Casting
69:29 Blast Furnace
126:52 Spies/Treason
Connection lost

Rejoining the realm…

Still unreachable

The connection could not be restored.

Session expired

The server has moved on; the page needs a fresh start.